 Dungeon Crawl Stone Soup version 0.28-a0-8-g6e044cfa68 (webtiles) character file.

Game seed: 3920944949385433720

604477 orderly the Conqueror (level 27, -4/273 HPs)
             Began as a Hill Orc Wanderer on July 22, 2021.
             Was the Champion of Makhleb.
             Killed from afar by an electric golem (18 damage)
             ... with a bolt of lightning
             ... summoned by a shadow demon
             ... created by a Zot trap
             ... on level 1 of the Realm of Zot on July 23, 2021.
             The game lasted 05:42:27 (74829 turns).

orderly the Conqueror (Hill Orc Wanderer)          Turns: 74829, Time: 05:42:27

Health: -4/273     AC: 38    Str: 27      XL:     27
Magic:  30/30      EV: 10    Int: 14      God:    Makhleb [******]
Gold:   6203       SH: 31    Dex:  7 (10) Spells: 26/26 levels left

rFire   + + .      SeeInvis .   a - +9 demon trident (elec)
rCold   + + .      Faith    .   M - +2 tower shield
rNeg    + + .      Spirit   .   I - +6 plate armour {Will+}
rPois   .          Reflect  +   o - +1 helmet of Cheibriados's Anger {Regen+ Int+3}
rElec   .          Harm     .   N - scarf {rC+ rF+}
rCorr   .          Rampage  +   m - +2 pair of gloves {archery}
Will    +++..                   Z - +2 pair of boots {rampage}
Stlth   ..........              r - amulet "Jifuph" {Reflect Fragile rN++ SH+5}
HPRegen 1.55/turn               k - ring of protection from fire
MPRegen 0.22/turn               R - ring of the Tortoise {AC+8}

@: corroded, studying 2 skills
A: clumsy 1, cold resistance 1, low mp 1, passive freeze, wild magic 1
}: 3/15 runes: serpentine, barnacled, silver
a: Renounce Religion, Minor Destruction, Lesser Servant of Makhleb, Major
Destruction, Greater Servant of Makhleb


You were on level 1 of the Realm of Zot.
You worshipped Makhleb.
Makhleb was exalted by your worship.
You visited 9 branches of the dungeon, and saw 45 of its levels.
You visited the Abyss 2 times.
You visited 1 bazaar.
You also visited: Bailey, Ice Cave and Wizlab.

You collected 12157 gold pieces.
You spent 5954 gold pieces at shops.

Inventory:

Hand Weapons
 a - a +9 demon trident of electrocution (weapon)
 b - the +5 hunting sling of Pemauk {venom, rElec rN+ Stlth+}
   (You found it on level 13 of the Dungeon)

   Any ammunition fired from it poisons the flesh of those it strikes.
   rElec:     It insulates you from electricity.
   rN:        It protects you from negative energy.
   Stlth:     It makes you more stealthy.
 w - a +4 vampiric trident
Missiles
 s - 13 curare-tipped darts
 x - 5 boomerangs of dispersal
 y - 45 silver javelins
 O - 60 javelins (quivered)
 W - 10 throwing nets
Armour
 m - a +2 pair of gloves of archery (worn)
 o - the +1 helmet of Cheibriados's Anger (worn) {Regen+ Int+3}
   (You found it on level 15 of the Dungeon)

   Int:       It affects your intelligence (+3).
   Regen:     It increases your rate of health regeneration.
 I - a +6 plate armour of willpower (worn)
 M - a +2 tower shield (worn)
 N - a scarf of resistance (worn)
 Z - a +2 pair of boots of rampaging (worn)
Jewellery
 d - the ring of Coagim {rPois rCorr Str+2}
   (You took it off a deep elf death mage on level 3 of the Elven Halls)

   [ring of resist corrosion]

   Str:       It affects your strength (+2).
   rPois:     It protects you from poison.
   rCorr:     It protects you from acid and corrosion.
 k - a ring of protection from fire (left hand)
 q - a ring of willpower
 r - the amulet "Jifuph" (around neck) {Reflect Fragile rN++ SH+5}
   (You took it off a merfolk impaler on level 4 of the Shoals)

   [amulet of reflection]

   It reflects blocked missile attacks.
   rN:        It greatly protects you from negative energy.
   Fragile:   It will be destroyed if unequipped.
   SH:        It affects your SH (+5).
 R - the ring of the Tortoise (right hand) {AC+8}
   (You bought it in a shop on level 2 of the Depths)

   [ring of protection]

   AC:        It affects your AC (+8).
 T - a +4 ring of slaying
 X - a ring of see invisible
Wands
 v - a wand of iceblast (29)
 z - a wand of acid (21)
 H - a wand of digging (11)
 J - a wand of charming (8)
 K - a wand of paralysis (8)
Scrolls
 c - 5 scrolls of immolation
 n - 3 scrolls of fear
 p - 7 scrolls of fog
 u - 11 scrolls of teleportation
 A - 5 scrolls of summoning
 B - 2 scrolls of brand weapon
 E - 3 scrolls of magic mapping
 F - 2 scrolls of holy word
 L - 5 scrolls of blinking
 Y - 4 scrolls of vulnerability
Potions
 e - 12 potions of lignification
 g - 8 potions of mutation
 h - 16 potions of curing
 i - 7 potions of flight
 j - 4 potions of cancellation
 l - 2 potions of berserk rage
 t - 11 potions of magic
 C - 4 potions of might
 D - 3 potions of haste
 G - 3 potions of attraction
 Q - 3 potions of invisibility
 S - 5 potions of ambrosia
Miscellaneous
 f - a condenser vane (inert)
 V - a tin of tremorstones (2/2)


   Skills:
 O Level 27 Fighting
 - Level 14.0 Polearms
 - Level 1.7 Bows
 - Level 1.0 Crossbows
 - Level 16.0 Throwing
 + Level 25.0 Armour
 + Level 10.1 Dodging
 - Level 1.0 Stealth
 + Level 22.1 Shields
 - Level 15.0 Invocations
 - Level 10.0 Evocations


You had 26 spell levels left.
You didn't know any spells.
Your spell library contained the following spells:

 Spells                   Type           Power      Damage    Failure   Level
 Apportation              Tloc           0%         N/A       87%         1
 Beastly Appendage        Tmut           0%         N/A       87%         1
 Corona                   Hex            0%         N/A       87%         1
 Foxfire                  Conj/Fire      0%         2x1d4     87%         1
 Magic Dart               Conj           0%         1d3       87%         1
 Sandblast                Erth           0%         2d4       87%         1
 Shock                    Conj/Air       0%         1d3       87%         1
 Sting                    Tmut/Pois      0%         1d3       87%         1
 Ensorcelled Hibernation  Hex/Ice        0%         N/A       95%         2
 Passwall                 Tmut/Erth      0%         N/A       95%         2
 Poisonous Vapours        Pois/Air       0%         N/A       95%         2
 Searing Ray              Conj           0%         3d3       95%         2
 Static Discharge         Conj/Air       0%         N/A       95%         2
 Sublimation of Blood     Necr           0%         N/A       95%         2
 Wereblood                Tmut           0%         N/A       95%         2
 Call Canine Familiar     Summ           0%         N/A       99%         3
 Conjure Flame            Conj/Fire      0%         6-21      99%         3
 Dazzling Flash           Conj/Hex       0%         N/A       99%         3
 Frozen Ramparts          Ice            0%         1d2       99%         3
 Gell's Gravitas          Tloc           0%         N/A       99%         3
 Ignite Poison            Fire/Tmut/Pois 0%         N/A       99%         3
 Inner Flame              Hex/Fire       0%         N/A       99%         3
 Lesser Beckoning         Tloc           0%         N/A       99%         3
 Mephitic Cloud           Conj/Pois/Air  0%         N/A       99%         3
 Ozocubu's Armour         Ice            0%         N/A       99%         3
 Portal Projectile        Hex/Tloc       0%         N/A       99%         3
 Spider Form              Tmut/Pois      0%         N/A       99%         3
 Stone Arrow              Conj/Erth      0%         3d7       99%         3
 Summon Guardian Golem    Hex/Summ       0%         N/A       99%         3
 Swiftness                Air            0%         N/A       99%         3
 Teleport Other           Tloc           0%         N/A       99%         3
 Tukima's Dance           Hex            0%         N/A       99%         3
 Airstrike                Air            0%         N/A       100%        4
 Animate Armour           Summ/Erth      0%         N/A       100%        4
 Animate Dead             Necr           0%         N/A       100%        4
 Cause Fear               Hex            0%         N/A       100%        4
 Dispel Undead            Necr           0%         3d6       100%        4
 Fulminant Prism          Conj/Hex       0%         3d6       100%        4
 Iskenderun's Mystic Bla  Conj/Tloc      0%         2d3       100%        4
 Leda's Liquefaction      Hex/Erth       0%         N/A       100%        4
 Olgreb's Toxic Radiance  Pois           0%         N/A       100%        4
 Petrify                  Tmut/Erth      0%         N/A       100%        4
 Sticky Flame             Conj/Fire      0%         2d3       100%        4
 Summon Ice Beast         Ice/Summ       0%         N/A       100%        4
 Summon Lightning Spire   Summ/Air       0%         N/A       100%        4
 Agony                    Necr           0%         N/A       100%        5
 Alistair's Intoxication  Tmut/Pois      0%         N/A       100%        5
 Blade Hands              Tmut           0%         N/A       100%        5
 Borgnjor's Vile Clutch   Necr/Erth      0%         N/A       100%        5
 Fireball                 Conj/Fire      0%         3d3       100%        5
 Freezing Cloud           Conj/Ice/Air   0%         6-21      100%        5
 Iskenderun's Battlesphe  Conj           0%         2d6       100%        5
 Lee's Rapid Deconstruct  Erth           0%         3d5*      100%        5
 Lightning Bolt           Conj/Air       0%         1d11      100%        5
 Metabolic Englaciation   Hex/Ice        0%         N/A       100%        5
 Silence                  Hex/Air        0%         N/A       100%        5
 Summon Forest            Summ/Tloc      0%         N/A       100%        5
 Summon Mana Viper        Hex/Summ       0%         N/A       100%        5
 Conjure Ball Lightning   Conj/Air       0%         3x3d6     100%        6
 Death Channel            Necr           0%         N/A       100%        6
 Eringya's Noxious Bog    Tmut/Pois      0%         N/A       100%        6
 Invisibility             Hex            0%         N/A       100%        6
 Iron Shot                Conj/Erth      0%         9d1       100%        6
 Shadow Creatures         Summ           N/A        N/A       100%        6
 Starburst                Conj/Fire      0%         8x6d3     100%        6
 Statue Form              Tmut/Erth      0%         N/A       100%        6
 Haunt                    Necr/Summ      0%         N/A       100%        7
 Monstrous Menagerie      Summ           0%         N/A       100%        7
 Orb of Destruction       Conj           0%         N/A       100%        7
 Ozocubu's Refrigeration  Ice            0%         4d5       100%        7
 Spellforged Servitor     Conj/Summ      0%         N/A       100%        7
 Storm Form               Tmut/Air       0%         N/A       100%        7
 Summon Hydra             Summ           0%         N/A       100%        7
 Discord                  Hex            0%         N/A       100%        8
 Lehudib's Crystal Spear  Conj/Erth      0%         10d2      100%        8
 Maxwell's Capacitive Co  Air            0%         ∞         100%        8
 Dragon's Call            Summ           0%         N/A       100%        9


Dungeon Overview and Level Annotations

Branches:
Dungeon (15/15)            Temple (0/1) D:6            Lair (6/6) D:8
 Shoals (4/4) Lair:2        Snake (4/4) Lair:3        Slime (0/5) Lair:6
    Orc (2/2) D:12            Elf (3/3) Orc:2        Vaults (5/5) D:14
  Crypt (0/3) Vaults:2     Depths (5/5) D:15            Zot (1/5) Depths:5
 Bailey (visited)           IceCv (visited)          WizLab (visited)

Altars:
Makhleb
Okawaru
Sif Muna
Trog
Vehumet
Wu Jian
Beogh
Jiyva

Shops:
D:2 !   D:6 (   D:7 :   Orc:2 (=[   Snake:3 ([*   Snake:4 (   Vaults:1 ([*
Vaults:2 [   Vaults:4 (   Depths:1 *(   Depths:2 =   Depths:4 [

Portals:
Hell: Depths:1 Depths:2 Depths:3 Depths:4 Depths:5
Abyss: Depths:1 Depths:4
Pandemonium: Depths:3 Depths:5
Ziggurat: Depths:3

Annotations:
Shoals:3 Roxanne
Elf:2 1 runed translucent door


Innate Abilities, Weirdness & Mutations

You are clumsy. (Dex -2)
Your flesh is cold resistant. (rC+)
Your magical capacity is low. (-10% MP)
A frigid envelope surrounds you and freezes all who hurt you.
Your spells are a little harder to cast, but a little more powerful.


Message History

* * * LOW HITPOINT WARNING * * *
The yellow draconian is very cold.
The yellow draconian seems to slow down.
The yellow draconian is severely wounded.
The moth of wrath barely misses you. You block the moth of wrath's attack.
You impale the yellow draconian!!
The yellow draconian is almost dead.
You feel your willpower return.
You block the electric golem's attack. x2
The electric golem hits you but does no damage.
The electric golem completely resists.
The electric golem hits you but does no damage.
The electric golem resists.
The electric golem is very cold.
The electric golem is lightly damaged.
You block the moth of wrath's attack.
The yellow draconian hits you with a +0 glaive!
* * * LOW HITPOINT WARNING * * *
The yellow draconian is very cold.
The yellow draconian seems to slow down.
The yellow draconian is almost dead.
The moth of wrath barely misses you.
The electric golem hits you but does no damage.
The electric golem completely resists.
The electric golem hits you.
* * * LOW HITPOINT WARNING * * *
The electric golem shocks you!
* * * LOW HITPOINT WARNING * * *
The electric golem resists.
The electric golem is very cold.
The electric golem is lightly damaged.
The electric golem hits you but does no damage.
The electric golem resists.
The electric golem is very cold.
The electric golem is lightly damaged.
The electric golem hits you but does no damage.
The electric golem resists.
The electric golem is very cold.
The electric golem is moderately damaged.
You hit the yellow draconian.
The yellow draconian is almost dead.
You block the moth of wrath's attack.
The electric golem hurls lightning at you.
The bolt of lightning hits you!!
You die...

#.#.≈≈≈≈≈..# #............≈≈≈
#.#........# ######.....P.P.P
#.#####'#### ##.........
#.##.....# ## ##########
#.##.##.## ##.##^# #. #.......#
##.^....## #. #†##.####
####^.#.###..###### ## #.##.#
#.^28y#.^..^^.#"^$####
#.##.######^^.#@y.#..^..#^(.####
#†##....###^.2#d#.^...^^'dyq###D
#.##...©###©.^.^.^#...^.#^qq###©
#....#..###^..#.#^^..^.^2"d!###d
####.##.###^^.#^..#..^^.#.[.####
#.##.# #....^#^...^^.#[^=####
#.##.# ####^.#[###.y###### #.
#....# ##....2.### ## ####.###
##^##^## ######


You could see an electric golem (summoned), a yellow draconian (berserk, slow),
a shadow demon and 2 moths of wrath.

Vanquished Creatures
  2 dread liches
  4 ancient liches
  2 juggernauts
  Boris (Depths:3)
  The ghost of Ponakli the Metallomancer, a veteran TrWz of Cheibriados (Vaults:4)
  Vashnia (Snake:2)
  A curse toe (Zot:1)
  8 golden dragons
  3 bone dragons
  A hellephant (Abyss:2)
  12 tentacled monstrosities
  3 liches
  Asterion (Depths:1)
  4 deep elf master archers (Elf:3)
  6 titans
  3 quicksilver dragons
  12 sphinxes
  3 deep elf blademasters (Elf:3)
  A tentacled starspawn (Abyss:2)
  2 death cobs (Zot:1)
  A kraken (Shoals:2)
  5 tengu reavers
  3 draconian monks
  6 shadow dragons
  6 storm dragons
  8 nagarajas
  12 frost giants
  13 fire giants
  13 vault wardens
  4 deep elf sorcerers (Elf:3)
  Louise (Depths:4)
  A draconian knight (Zot:1)
  2 draconian scorchers (Zot:1)
  5 iron dragons
  3 spectral caustic shrikes (Depths:1)
  2 orc warlords
  3 balrugs
  3 draconian shifters
  3 deep elf elementalists
  A draconian stormcaller (Zot:1)
  36 very ugly things
  8 war gargoyles
  20 ironbound preservers
  3 draconian annihilators (Zot:1)
  3 spriggan defenders
  17 stone giants
  2 green draconians (Zot:1)
  9 deep elf demonologists
  2 vampire knights (Depths:4)
  2 white draconians (Zot:1)
  A bunyip (shapeshifter) (Vaults:2)
  4 deep elf annihilators
  An entropy weaver (Vaults:4)
  4 black draconians
  6 spark wasps
  3 purple draconians (Zot:1)
  6 red draconians
  A yellow draconian (Zot:1)
  12 merfolk javelineers
  7 deep elf death magi (Elf:3)
  The ghost of p0werm0de the Protected, a journeyman GrFi of Okawaru (D:14)
  3 blizzard demons (Depths:1)
  3 crystal guardians
  15 ettins
  A green death (Abyss:3)
  16 merfolk impalers
  2 jiangshi (Depths:5)
  12 fire dragons
  2 mummy priests (WizLab)
  Josephine (D:15)
  2 deep elf high priests
  35 vault guards
  9 ironbound thunderhulks
  6 great orbs of eyes
  6 hydras
  12 yaktaur captains
  9 ice dragons
  3 salamander tyrants
  3 boulder beetles
  The ghost of Ge0ff the Tainter, a journeyman FoVM of Hepliaklqana (Orc:2)
  A monstrous demonspawn (Depths:3)
  5 peacekeepers
  3 ogre magi
  21 naga warriors
  6 rakshasas
  8 anacondas
  3 spriggan air magi
  2 merfolk aquamancers
  4 merfolk avatars
  A catoblepas (Lair:4)
  6 ironbound frosthearts
  2 alligator snapping turtles
  14 centaur warriors
  25 dancing weapons
  13 deep troll shamans
  4 death knights
  9 deep troll earth magi
  3 satyrs
  5 two-headed ogres
  3 thrashing horrors (Abyss:3)
  7 vampire magi
  3 hell hogs (Abyss:3)
  9 tengu warriors
  3 orc high priests
  4 shock serpents
  8 spriggan berserkers
  4 soul eaters
  Urug (Orc:2)
  20 naga sharpshooters
  7 iron trolls
  A fire crab (shapeshifter) (D:13)
  15 deep elf knights
  3 wretched stars
  9 hell knights
  A skeletal warrior (D:15)
  8 salamander mystics
  8 sea snakes
  3 sixfirhies
  A gelid demonspawn (Depths:3)
  3 glowing orange brains
  64 deep trolls
  An infernal demonspawn (Depths:5)
  13 deep elf archers
  4 flayed ghosts
  4 phantasmal warriors
  A torturous demonspawn (Depths:5)
  An obsidian statue (Depths:2)
  14 wizards
  17 ironbound convokers
  9 naga ritualists
  18 harpies
  19 deep elf pyromancers
  10 mana vipers
  6 necromancers
  10 orc knights
  54 ugly things
  A frost giant zombie (WizLab)
  A stone giant zombie (WizLab)
  20 deep elf zephyrmancers
  9 orc sorcerers
  An oklob plant (Lair:4)
  15 salamanders
  11 cyclopes
  9 fauns
  10 large abominations
  A faun (shapeshifter) (Vaults:4)
  3 fire giant zombies
  14 elephants (Lair:5)
  2 human skeletons (Vaults:3)
  18 manticores
  6 merfolk sirens
  An ice statue (IceCv)
  39 black mambas
  5 guardian serpents
  28 naga magi
  19 vault sentinels
  3 orange demons
  6 moths of wrath
  2 smoke demons
  2 demonspawn zombies (WizLab)
  3 water nymphs
  2 gargoyles
  A yaktaur zombie (Vaults:5)
  4 rime drakes
  25 cane toads
  12 komodo dragons
  A centaur skeleton (D:15)
  27 yaktaurs
  Maggie (D:7)
  A spriggan zombie (WizLab)
  3 freezing wraiths
  A redback zombie (D:15)
  11 tengu conjurers
  2 efreet
  An ice devil (Depths:3)
  A kobold demonologist (Bailey)
  2 hellwings (Depths:3)
  A komodo dragon (shapeshifter) (D:15)
  2 yaktaur skeletons
  3 ancient zymes
  A guardian mummy (WizLab)
  2 harpy zombies (D:15)
  2 red devils
  3 polar bears
  3 tyrant leeches (Lair:6)
  27 merfolk
  7 trolls
  5 wind drakes
  3 meliai (D:11)
  A harpy skeleton (D:15)
  A hornet (D:10)
  23 blink frogs
  32 slime creatures
  18 snapping turtles
  4 raiju (Abyss:3)
  2 deep troll zombies (WizLab)
  An ettin zombie (WizLab)
  Grinder (D:4)
  A fire dragon zombie (WizLab)
  24 dream sheep
  Sigmund (D:5)
  3 redbacks (Vaults:4)
  A redback (shapeshifter) (Depths:3)
  8 ynoxinuls
  53 yaks
  4 dire elephant simulacra (IceCv)
  19 water elementals
  A tarantella (Vaults:4)
  4 basilisks
  8 wraiths
  An elf zombie (Vaults:5)
  A basilisk (shapeshifter) (Vaults:5)
  Eustachio (D:5)
  7 wyverns
  An ettin skeleton (Vaults:5)
  Grum (D:11)
  A golden eye (shapeshifter) (Vaults:2)
  A fire elemental (Elf:1)
  2 chaos spawn
  2 steam dragons
  A neqoxec (Depths:3)
  11 vampire mosquitoes
  2 death yak simulacra (IceCv)
  Menkaure (D:5)
  70 nagas
  4 wargs
  2 swamp worms (shapeshifter)
  30 water moccasins
  2 tengu zombies (WizLab)
  2 human zombies (WizLab)
  An acid dragon (D:9)
  2 floating eyes (Depths:3)
  The ghost of eyesofgods1 the Ducker, an amateur SpGl (D:4)
  A swamp drake (Lair:5)
  44 orc warriors
  An ice beast (D:8)
  2 black bears
  13 wolves
  5 ogres
  14 centaurs
  8 boggarts
  A phantom (D:4)
  17 bullfrogs
  5 two-headed ogre simulacra
  2 gnoll sergeants
  5 scorpions
  2 cane toad simulacra (IceCv)
  2 water moccasin zombies (D:5)
  10 killer bees
  2 elephant simulacra (IceCv)
  10 wights
  A howler monkey (D:6)
  8 electric eels
  7 centaur zombies
  A crimson imp (D:6)
  A bullfrog zombie (D:7)
  A jelly (D:6)
  5 hounds
  A small abomination (Abyss:3)
  18 orc priests
  2 iguanas
  Jessica (D:2)
  Ijyb (D:3)
  30 orc wizards
  14 spriggan simulacra
  7 hell rats (Lair:1)
  4 polar bear simulacra (IceCv)
  A wolf simulacrum (IceCv)
  3 troll simulacra (IceCv)
  2 killer bee zombies
  A hound zombie (D:4)
  A howler monkey zombie (D:7)
  13 gnolls
  23 adders
  7 naga simulacra
  6 white imps
  8 ufetubi
  An adder skeleton (D:5)
  7 worms
  4 dart slugs
  81 orcs
  8 endoplasms
  2 giant cockroaches
  16 goblins
  13 hobgoblins
  10 jackals
  8 kobolds
  9 quokkas
  10 ball pythons
  15 bats
  5 frilled lizards
  7 rats
  3 tentacles (Shoals:2)
2206 creatures vanquished.

Vanquished Creatures (collateral kills)
  Saint Roka (Orc:1)
  Aizul (Snake:4)
  A reaper (IceCv)
  2 naga sharpshooters (Snake:2)
  A mana viper (Snake:4)
6 creatures vanquished.

Vanquished Creatures (others)
  A spark wasp (Depths:1)
  A jiangshi (Depths:5)
  2 dancing weapons (Elf:2)
  3 deep elf knights (Elf:2)
  2 wizards
  4 deep elf pyromancers
  3 deep elf zephyrmancers (Elf:2)
  2 ynoxinuls
  A boggart (Vaults:1)
  2 adders (Lair:5)
  An orc (Vaults:5)
  A goblin (Bailey)
  11 bushes
  41 fungi
  A lurking horror (Abyss:3)
  233 plants
  2 starspawn tentacles (Abyss:2)
  4 tentacles (Shoals:2)
315 creatures vanquished.

Grand Total: 2527 creatures vanquished

Notes
Turn   | Place    | Note
-------+----------+-------------------------------------------
     0 | D:1      | orderly the Hill Orc Wanderer began the quest for the Orb.
     0 | D:1      | orderly set off with the following items: a +2 hand
                  | crossbow, 24 bolts, a +0 shortbow, 31 arrows, a potion of
                  | lignification, a +0 robe
     0 | D:1      | Reached XP level 1. HP: 19/19 MP: 1/1
   474 | D:1      | Reached XP level 2. HP: 23/27 MP: 2/2
   637 | D:1      | Reached skill level 1 in Polearms
   704 | D:1      | Reached skill level 4 in Fighting
   825 | D:1      | Found a faded altar of an unknown god.
  1155 | D:2      | Found Vekhue's Distillery.
  1167 | D:2      | Reached XP level 3. HP: 33/33 MP: 3/3
  1954 | D:2      | Noticed Jessica
  1967 | D:2      | Killed Jessica
  1968 | D:2      | Reached XP level 4. HP: 28/41 MP: 4/4
  2483 | D:3      | Reached XP level 5. HP: 39/47 MP: 5/5
  2616 | D:3      | Gained mutation: Your spells are a little harder to cast,
                  | but a little more powerful. [potion of mutation]
  2616 | D:3      | Gained mutation: A frigid envelope surrounds you and
                  | freezes all who hurt you. [potion of mutation]
  2616 | D:3      | Gained mutation: Your flesh is cold resistant. (rC+)
                  | [potion of mutation]
  2622 | D:3      | Reached skill level 5 in Fighting
  3025 | D:3      | You fall into a shaft and drop 1 floor!
  3113 | D:3      | Noticed Ijyb
  3127 | D:3      | Killed Ijyb
  3551 | D:4      | Noticed a phantom
  3809 | D:4      | Noticed an ogre
  3814 | D:4      | Reached XP level 6. HP: 54/56 MP: 6/6
  4189 | D:4      | Noticed eyesofgods1's ghost (amateur SpGl)
  4280 | D:4      | Found a runed translucent gate.
  4280 | D:4      | Found a runed translucent gate.
  4280 | D:4      | Found a runed translucent gate.
  4282 | D:4      | Reached skill level 6 in Fighting
  4282 | D:4      | Reached skill level 5 in Armour
  4282 | D:4      | Reached XP level 7. HP: 44/63 MP: 7/7
  4541 | D:4      | Noticed Grinder
  4557 | D:4      | Killed Grinder
  4558 | D:4      | Reached skill level 5 in Polearms
  5114 | D:4      | Killed eyesofgods1's ghost
  5115 | D:4      | Reached skill level 7 in Fighting
  5115 | D:4      | Reached XP level 8. HP: 59/73 MP: 8/8
  5233 | D:5      | Entered Level 5 of the Dungeon
  5261 | D:5      | Noticed Eustachio
  5277 | D:5      | Killed Eustachio
  5474 | D:5      | Noticed Menkaure
  5480 | D:5      | Killed Menkaure
  5910 | D:2      | Bought a potion of heal wounds for 60 gold pieces
  5910 | D:2      | Bought a potion of degeneration for 12 gold pieces
  5910 | D:2      | Bought a potion of attraction for 36 gold pieces
  6179 | D:5      | Noticed Sigmund
  6189 | D:5      | Killed Sigmund
  6190 | D:5      | Reached skill level 8 in Fighting
  6658 | D:6      | Found Guonia's Weapon Shop.
  6725 | D:6      | Found a radiant altar of Vehumet.
  6726 | D:6      | Found a burning altar of Makhleb.
  6737 | D:6      | Became a worshipper of Makhleb the Destroyer
  6791 | D:6      | Reached XP level 9. HP: 68/82 MP: 9/9
  6796 | D:6      | Reached skill level 1 in Invocations
  7090 | D:6      | Found a staircase to the Ecumenical Temple.
  8168 | D:7      | Reached skill level 9 in Fighting
  8631 | D:7      | Noticed Maggie
  8641 | D:7      | Killed Maggie
  9009 | D:7      | Found Duofoy's Book Emporium.
  9260 | D:8      | Reached skill level 5 in Invocations
  9338 | D:8      | Identified the +3 hunting sling "Lemigh" {venom, +Blink
                  | rElec}
  9339 | D:8      | Reached XP level 10. HP: 86/92 MP: 13/13
  9523 | D:8      | Reached * piety under Makhleb
  9524 | D:8      | Reached skill level 10 in Fighting
 10170 | D:8      | Found a staircase to the Lair.
 10920 | D:9      | Reached XP level 11. HP: 83/101 MP: 16/16
 11023 | D:9      | Reached skill level 11 in Fighting
 11034 | D:9      | Reached ** piety under Makhleb
 11098 | D:9      | Noticed a cyclops
 11111 | D:9      | Killed a cyclops
 11112 | D:9      | Reached skill level 10 in Armour
 11797 | D:10     | Entered Level 10 of the Dungeon
 11840 | D:10     | Noticed a cyclops
 11848 | D:10     | Killed a cyclops
 11877 | D:10     | Reached skill level 10 in Polearms
 11894 | D:10     | Found a flagged portal.
 11931 | Bailey   | Entered a bailey
 11969 | Bailey   | Found an iron altar of Okawaru.
 11969 | Bailey   | Noticed an orc high priest
 12014 | Bailey   | Killed an orc high priest
 12168 | Bailey   | Identified the +0 mace of Ogaoxuq {protect, rF+ rC+}
 12226 | Bailey   | Noticed an orc knight
 12501 | Bailey   | Reached *** piety under Makhleb
 12595 | Bailey   | Killed an orc knight
 12724 | D:10     | Acquired 668 gold pieces
 13159 | D:10     | Found a roughly hewn altar of Beogh.
 13238 | D:10     | Reached skill level 12 in Fighting
 13350 | D:10     | Reached **** piety under Makhleb
 13907 | D:11     | Found a frozen archway.
 13953 | IceCv    | Entered an ice cave
 14127 | IceCv    | Reached skill level 10 in Invocations
 14127 | IceCv    | Reached XP level 12. HP: 27/112 MP: 19/19
 14611 | IceCv    | Reached ***** piety under Makhleb
 15138 | IceCv    | Noticed a reaper
 15142 | IceCv    | Noticed a balrug
 15336 | IceCv    | Killed a reaper
 15621 | D:11     | Noticed a boulder beetle
 15717 | D:11     | Killed a boulder beetle
 15930 | D:11     | Noticed Grum
 15951 | D:11     | Killed Grum
 16408 | Lair:1   | Entered Level 1 of the Lair of Beasts
 16485 | Lair:1   | Noticed a six-headed hydra
 16520 | D:8      | Killed a six-headed hydra
 16629 | Lair:1   | Reached skill level 13 in Fighting
 16775 | Lair:1   | Noticed an eight-headed hydra
 16782 | Lair:1   | Killed an eight-headed hydra
 16783 | Lair:1   | Noticed a four-headed hydra
 16822 | Lair:1   | Killed a four-headed hydra
 16823 | Lair:1   | Reached XP level 13. HP: 122/122 MP: 21/21
 18031 | Lair:2   | Identified the +9 shortbow of the Ass {vorpal, Int+6}
 18236 | Lair:2   | Found a staircase to the Shoals.
 19128 | Lair:3   | Found a staircase to the Snake Pit.
 19306 | Lair:3   | Reached skill level 14 in Fighting
 20723 | Lair:5   | Reached XP level 14. HP: 121/133 MP: 23/23
 20731 | Lair:5   | Reached ****** piety under Makhleb
 21572 | Lair:5   | Identified the +8 scimitar of Zin's Castigation {vorpal,
                  | rN+ Str+6}
 21851 | Lair:6   | Entered Level 6 of the Lair of Beasts
 22073 | Lair:6   | Reached skill level 15 in Fighting
 22121 | Lair:6   | Found a viscous altar of Jiyva.
 22121 | Lair:6   | Found a staircase to the Slime Pits.
 24072 | D:12     | Found a staircase to the Orcish Mines.
 24507 | Orc:1    | Entered Level 1 of the Orcish Mines
 24529 | Orc:1    | Reached XP level 15. HP: 141/141 MP: 26/26
 24900 | Orc:1    | Found a shimmering blue altar of Sif Muna.
 25100 | Orc:2    | Entered Level 2 of the Orcish Mines
 25100 | Orc:2    | Found a staircase to the Elven Halls.
 25115 | Orc:2    | Noticed Saint Roka
 25241 | Orc:1    | Killed Saint Roka
 25242 | Orc:1    | Reached skill level 1 in Dodging
 25410 | Orc:2    | Reached skill level 15 in Invocations
 25465 | Orc:2    | Noticed Urug
 25527 | Orc:2    | Found a transporter.
 25733 | Orc:2    | Killed Urug
 25958 | Orc:2    | Reached skill level 16 in Fighting
 26129 | Orc:2    | Noticed an orc warlord
 26309 | Orc:1    | Killed an orc warlord
 26428 | Orc:2    | Found a roughly hewn altar of Beogh.
 26462 | Orc:2    | Found Vadola's Jewellery Boutique.
 26505 | Orc:2    | Found Paekhletia's Antique Weapon Boutique.
 26585 | Orc:2    | Found a transporter.
 26587 | Orc:2    | Noticed Ge0ff's ghost (journeyman FoVM)
 26627 | Orc:2    | Killed Ge0ff's ghost
 26810 | Orc:2    | Found Kidainup's General Store.
 26824 | Orc:2    | Found Asufaw's Antique Armour Boutique.
 26831 | Orc:2    | Bought a runed helmet for 262 gold pieces
 27213 | Snake:1  | Entered Level 1 of the Snake Pit
 27226 | Snake:1  | Found Pikhov's Mass Market.
 27470 | Snake:1  | Reached skill level 15 in Armour
 28097 | Snake:1  | Acquired 937 gold pieces
 28976 | Snake:2  | Reached skill level 5 in Dodging
 29053 | Snake:2  | Reached XP level 16. HP: 154/154 MP: 27/27
 29425 | Snake:2  | Reached skill level 1 in Evocations
 29448 | Snake:2  | Reached skill level 17 in Fighting
 29639 | Snake:2  | Noticed Vashnia
 30043 | Snake:2  | Reached skill level 5 in Shields
 30047 | Snake:2  | Reached skill level 1 in Throwing
 30325 | Snake:2  | Killed Vashnia
 30764 | Snake:3  | Noticed a nagaraja
 31114 | Snake:3  | Killed a nagaraja
 31414 | Snake:3  | Found Aqab Keu's Weapon Boutique.
 31437 | Snake:3  | Found Plog's Armour Shop.
 31438 | Snake:3  | Found Fawohuibb's General Store.
 31443 | Snake:3  | Bought a +2 pair of gloves of archery for 365 gold pieces
 31458 | Snake:3  | Bought a scroll of identify for 36 gold pieces
 31458 | Snake:3  | Bought a scroll of identify for 36 gold pieces
 32147 | Snake:3  | Reached skill level 5 in Evocations
 32401 | Snake:4  | Entered Level 4 of the Snake Pit
 32654 | Snake:4  | Reached XP level 17. HP: 129/163 MP: 28/28
 32943 | Snake:3  | Reached skill level 18 in Fighting
 32987 | Snake:4  | Noticed Aizul
 33013 | Snake:4  | Reached skill level 5 in Throwing
 33014 | Snake:4  | Killed Aizul
 35194 | Snake:4  | Found Muoxt's Weapon Shoppe.
 35540 | Snake:4  | Found an ornate altar of the Wu Jian Council.
 36501 | Snake:4  | Reached XP level 18. HP: 108/174 MP: 29/29
 36512 | Snake:4  | Reached skill level 10 in Shields
 36612 | Snake:4  | Got a serpentine rune of Zot
 36844 | Shoals:1 | Entered Level 1 of the Shoals
 37083 | Shoals:1 | Reached skill level 19 in Fighting
 39127 | Shoals:3 | Noticed Roxanne
 40327 | Shoals:4 | Entered Level 4 of the Shoals
 40719 | Shoals:4 | Identified the amulet "Jifuph" {Reflect Fragile rN++ SH+5}
 40931 | Shoals:4 | Reached skill level 10 in Evocations
 41089 | Shoals:4 | Reached XP level 19. HP: 184/184 MP: 30/30
 44060 | Shoals:3 | Reached skill level 20 in Fighting
 44797 | Shoals:4 | Got a barnacled rune of Zot
 44931 | Shoals:4 | Identified the +7 war axe of Utzeomum {freeze, Str+2}
 45434 | D:2      | Bought 2 potions of heal wounds for 120 gold pieces
 45434 | D:2      | Bought a potion of heal wounds for 60 gold pieces
 45434 | D:2      | Bought a potion of curing for 36 gold pieces
 45434 | D:2      | Bought 2 potions of curing for 72 gold pieces
 45933 | D:13     | Reached skill level 10 in Throwing
 46022 | D:13     | Identified the +5 hunting sling of Pemauk {venom, rElec rN+
                  | Stlth+}
 46305 | D:13     | You fall into a shaft and drop 2 floors!
 46305 | D:15     | Entered Level 15 of the Dungeon
 46329 | D:15     | Identified the +1 helmet of Cheibriados's Anger {Regen+
                  | Int+3}
 47536 | D:15     | Found a staircase to the Depths.
 47703 | D:14     | Noticed Josephine
 47720 | D:15     | Killed Josephine
 47893 | D:14     | Found a runed translucent door.
 48096 | D:14     | Noticed p0werm0de's ghost (journeyman GrFi)
 48111 | D:14     | Killed p0werm0de's ghost
 48117 | D:14     | Identified the +0 hat of Fortification {rElec rPois Dex+2}
 48388 | D:14     | Found a gate to the Vaults.
 48570 | Vaults:1 | Entered Level 1 of the Vaults
 49195 | Vaults:1 | Reached XP level 20. HP: 141/195 MP: 31/31
 49353 | Vaults:1 | Found Esyxuuf's Assorted Antiques.
 49361 | Vaults:1 | Bought a scroll of summoning for 256 gold pieces
 49361 | Vaults:1 | Bought a potion of curing for 81 gold pieces
 49829 | Vaults:1 | Found Huigaott's Antique Weapon Shop.
 50099 | Vaults:1 | Found Migremu's Armour Shoppe.
 50112 | Vaults:1 | Bought a +2 cloak for 247 gold pieces
 50337 | Vaults:2 | Found Epucw's Armour Shop.
 51239 | Vaults:2 | Reached skill level 21 in Fighting
 52141 | Vaults:2 | Found a staircase to the Crypt.
 52473 | Vaults:3 | Found a flickering gateway to a bazaar.
 52485 | Bazaar   | Entered a bazaar
 52485 | Bazaar   | Found Vitoeb's Armour Shop.
 52485 | Bazaar   | Found Joan's Antique Armour Emporium.
 52485 | Bazaar   | Found Xeudit's General Store.
 52485 | Bazaar   | Found Wuker's Distillery.
 52487 | Bazaar   | Found Oduuh's Jewellery Shoppe.
 52521 | Bazaar   | Bought a pair of runed boots for 187 gold pieces
 52528 | Bazaar   | Bought a potion of heal wounds for 60 gold pieces
 52528 | Bazaar   | Bought a potion of curing for 36 gold pieces
 52528 | Bazaar   | Bought a potion of curing for 36 gold pieces
 52528 | Bazaar   | Bought a potion of heal wounds for 60 gold pieces
 52528 | Bazaar   | Bought a potion of heal wounds for 60 gold pieces
 52528 | Bazaar   | Bought 2 potions of curing for 72 gold pieces
 52528 | Bazaar   | Bought a potion of attraction for 36 gold pieces
 52533 | Bazaar   | Bought the ring of Eraomon {rC+ rCorr} for 263 gold pieces
 52544 | Bazaar   | Bought a +0 pair of boots of rampaging for 161 gold pieces
 52841 | Vaults:3 | Reached XP level 21. HP: 175/205 MP: 32/32
 53355 | Vaults:3 | Upgraded the game from 0.28-a0-2-g643f2454ad to
                  | 0.28-a0-8-g6e044cfa68
 54443 | Vaults:4 | Found Iqeomo's Weapon Emporium.
 54483 | Vaults:4 | Reached skill level 15 in Shields
 54974 | Vaults:3 | Reached skill level 22 in Fighting
 55757 | Vaults:4 | Reached XP level 22. HP: 215/215 MP: 33/33
 56151 | Vaults:4 | Found a runed translucent door.
 56151 | Vaults:4 | Noticed Ponakli's ghost (veteran TrWz)
 56232 | Vaults:4 | Killed Ponakli's ghost
 56910 | Elf:1    | Entered Level 1 of the Elven Halls
 57943 | Elf:2    | Found a magical portal.
 58051 | WizLab   | Entered Doroklohe's Tomb
 58252 | WizLab   | Noticed an ancient lich
 58262 | WizLab   | Identified the +0 robe of the Crypt {rF- Will+ Int+6 Dex+2}
 58271 | WizLab   | Killed an ancient lich
 58472 | WizLab   | Identified the +4 scale mail "Cangugh" {Harm Rampage rCorr
                  | Dex-2}
 58523 | WizLab   | Identified the +8 chain mail "Hyesis" {Str+3}
 58708 | Elf:2    | Found a runed translucent door.
 58736 | Elf:2    | Found a runed translucent door.
 58833 | Elf:2    | Identified the ring of Afexoqil {rPois rN+ Dex+4 Stlth-}
 59579 | Elf:2    | Cast into level 3 of the Abyss (+3 quick blade of
                  | distortion)
 59580 | Abyss:3  | Found a corrupted altar of Lugonu.
 59763 | Abyss:3  | Noticed a dread lich
 59788 | Abyss:3  | Paralysed by a dread lich for 6 turns
 59808 | Abyss:3  | Killed a dread lich
 59896 | Elf:2    | Escaped the Abyss
 60085 | Elf:2    | Cast into level 2 of the Abyss (+3 quick blade of
                  | distortion)
 60311 | Abyss:2  | Reached skill level 23 in Fighting
 60343 | Abyss:2  | Reached XP level 23. HP: 226/226 MP: 34/34
 60512 | Abyss:3  | Found a corrupted altar of Lugonu.
 60615 | Elf:2    | Escaped the Abyss
 60840 | Elf:3    | Entered Level 3 of the Elven Halls
 61306 | Elf:3    | Identified the +4 short sword of Naavus {antimagic, rElec
                  | Str+4}
 61306 | Elf:3    | Identified the ring of Coagim {rPois rCorr Str+2}
 61528 | Elf:3    | Found the +11 plutonium sword {Contam Stlth-}
 61571 | Elf:3    | Identified the +3 quarterstaff "Sueklib" {venom, Contam Fly
                  | rElec rF+++}
 61571 | Elf:3    | Identified the +1 war axe "Hihoguaf" {vorpal, Fragile rPois
                  | Int+4}
 61571 | Elf:3    | Identified the +0 buckler of the Fife {rF++}
 61911 | Elf:3    | Identified the +7 fustibalus "Ruywk" {flame, +Blink rF++}
 61923 | Elf:3    | Got the Disquisition on Companions
 61957 | Elf:3    | Got Jyut's Reference Book on Congealing Execration
 62308 | Depths:1 | Entered Level 1 of the Depths
 62405 | Depths:1 | Found Heimn's Antique Weapon Emporium.
 62405 | Depths:1 | Found Juixij's General Store.
 62406 | Depths:1 | Identified the +6 halberd "Ejokilest" {flame, Int+4}
 62413 | Depths:1 | Bought a scroll of blinking for 90 gold pieces
 62413 | Depths:1 | Bought a wand of iceblast (9) for 156 gold pieces
 62413 | Depths:1 | Bought a scroll of enchant weapon for 90 gold pieces
 62413 | Depths:1 | Bought a scroll of fog for 24 gold pieces
 62416 | Depths:1 | Identified the +1 plate armour of the Imp {Int+6}
 62809 | Depths:1 | Found a one-way gate to the infinite horrors of the Abyss.
 63203 | Depths:1 | Found a bloodstained altar of Trog.
 63470 | Depths:1 | Found a gateway to Hell.
 63551 | Depths:1 | Reached XP level 24. HP: 233/237 MP: 34/34
 63689 | Depths:2 | Noticed Asterion
 63816 | Depths:1 | Killed Asterion
 64852 | Depths:2 | Found Uninyfru's Jewellery Boutique.
 64899 | Depths:2 | Reached skill level 24 in Fighting
 64901 | Depths:2 | Reached skill level 15 in Throwing
 64925 | Depths:2 | Bought the ring of the Tortoise {AC+8} for 2944 gold pieces
 64925 | Depths:2 | Found the ring of the Tortoise {AC+8}
 65273 | Depths:2 | Got the Incunabulum of Dark Rites and the Frostbite
 65296 | Depths:2 | Found a shimmering blue altar of Sif Muna.
 65313 | Depths:2 | Got the Reference Book on Dislocated Stones
 65377 | Depths:2 | Identified the ring "Lesh" {rPois Int+2}
 65379 | Depths:2 | Identified the +3 leather armour of Uskayaw's Hope {Slay+3}
 65408 | Depths:2 | Noticed a dread lich
 65410 | Depths:2 | Noticed an ancient lich
 65411 | Depths:2 | Paralysed by a dread lich for 5 turns
 65427 | Depths:2 | Killed an ancient lich
 65435 | Depths:2 | Killed a dread lich
 65498 | Depths:2 | Got the Disquisition on Glacial Combat Magic
 65500 | Depths:2 | Got the Incunabulum of the Escort
 65517 | Depths:2 | Got the Incunabulum of Spatial Moulding
 65818 | Depths:3 | Noticed Boris
 65830 | Depths:3 | Killed Boris
 66072 | Depths:3 | Found a one-way gate leading to the halls of Pandemonium.
 66294 | Depths:3 | Reached XP level 25. HP: 135/247 MP: 34/34
 67111 | Depths:3 | Found a gateway to a ziggurat.
 67572 | Depths:4 | Found Wetweul's Armour Shoppe.
 67804 | Depths:4 | Noticed Louise
 67825 | Depths:4 | Killed Louise
 68041 | Depths:4 | Reached skill level 25 in Fighting
 68417 | Depths:4 | Identified the +6 battleaxe of the Manifold Orbs {holy,
                  | rElec}
 68821 | Depths:4 | Noticed a juggernaut
 68847 | Depths:4 | Killed a juggernaut
 68848 | Depths:4 | Reached XP level 26. HP: 247/259 MP: 34/34
 68933 | Depths:4 | Found the +8 mithril axe "Arga" {speed, Will+}
 68945 | Depths:4 | Identified the +1 chain mail of Depression {Int-4 Dex+6}
 69046 | Depths:4 | Found an iron altar of Okawaru.
 69078 | Depths:5 | Entered Level 5 of the Depths
 69706 | Depths:5 | Noticed a juggernaut
 69723 | Depths:5 | Killed a juggernaut
 69871 | Depths:5 | Found a gate to the Realm of Zot.
 70646 | Vaults:5 | Entered Level 5 of the Vaults
 70751 | Vaults:4 | Reached skill level 26 in Fighting
 71205 | Vaults:5 | Got the Almanac of Hurtful Malediction
 71584 | Vaults:5 | Reached XP level 27. HP: 246/269 MP: 34/34
 71724 | Vaults:5 | Noticed an ancient lich
 71754 | Vaults:5 | Killed an ancient lich
 71856 | Vaults:5 | Identified the +0 plate armour of the Lizard {Dex+2}
 71857 | Vaults:5 | Identified the ring of the Little Devil {Fire rPois}
 72133 | Vaults:5 | Noticed an ancient lich
 72155 | Vaults:5 | Killed an ancient lich
 72234 | Vaults:5 | Identified the +10 spear of Caeff {flame, rC+ Int+8 SInv
                  | Stlth-}
 72476 | Vaults:5 | Got a silver rune of Zot
 73138 | Zot:1    | Entered Level 1 of the Realm of Zot
 73797 | Zot:1    | Found a transporter.
 73931 | Zot:1    | Reached skill level 27 in Fighting
 74306 | Zot:1    | Found a transporter.
 74335 | Zot:1    | Reached skill level 10 in Dodging
 74550 | Zot:1    | Gained mutation: Your magical capacity is low. (-10% MP)
                  | [mutagenic glow]
 74564 | Zot:1    | HP: 13/273 [storm dragon[a Zot trap] (8)]
 74568 | Zot:1    | HP: 1/273 [storm dragon/bolt of lightning[a Zot trap] (25)]
 74568 | Zot:1    | Gained mutation: You are clumsy. (Dex -2) [mutagenic glow]
 74828 | Zot:1    | HP: 13/273 [electric golem[a Zot trap] (15)]
 74829 | Zot:1    | Killed from afar by an electric golem

Illustrated notes

Levels and vault maps discovered:
D:1:      co_arrival_square_in_a_square_in_a_square, layout_loops_ring,
          dilly_ecumenical_altar_fadedgnrine, nrook_uturn,
          chequers_serial_rivers_small_b, st_stairs_10, roderic_lattice_a,
          hangedman_feature_mirror
D:2:      layout_rooms, serial_shops, nicolae_shop_statue_plus, uniq_jessica
D:3:      layout_loops_ring, chequers_serial_rivers_micro_e,
          minmay_joined_circles, uniq_ijyb
D:4:      minmay_chambers_of_threes, layout_loops_corners,
          gammafunk_ghost_split, uniq_grinder
D:5:      layout_loops_ring, uniq_sigmund, uniq_eustachio, uniq_menkaure
D:6:      layout_basic, grunt_temple_overflow_lords_of_destruction,
          minmay_temple_entry_trees, serial_shops, shop, item_on_display_a
D:7:      layout_cave_pools, serial_shops, nicolae_shop_statue_plus, uniq_maggie
D:8:      layout_basic, minmay_lair_entry_grove, minmay_misc_feat_doors
D:9:      layout_layer_cave
D:10:     layout_basic, enter_bailey_5, special_room [special_room_orc],
          amcnicky_mini_rare_corridor_liquid, kennysheep_cluttered_room,
          due_unseen_surprise
D:11:     layout_long_grid, portal_ice_cave_entry_ice_simulacra,
          roderic_batcave, small_statue_alley_a, uniq_grum
D:12:     layout_long_grid, orc_0_dummy
D:13:     layout_rooms, serial_glass, glass_columns_a, glass_columns_a,
          dk_noncrumbling_2
D:14:     layout_basic, david_vaults_1, ebering_ghost_reflecting_pool,
          infiniplex_staircase_zigzag_2, hangedman_decor_riveting,
          minmay_misc_feat_x, uniq_josephine
D:15:     grunt_enter_depths_magical_seal, layout_cave_pods, serial_park,
          serial_park_square2, serial_park_tiny_pond, serial_park_tiny_1,
          serial_park_tiny_2
Lair:1:   layout_cave_shapes, grunt_megastairs_3
Lair:2:   layout_layer_cave, shoals_dummy_entry
Lair:3:   layout_loops_ring, minmay_snake_entry_guardpost_small
Lair:4:   layout_cave_pods
Lair:5:   lemuel_reptile_caves, layout_loops_ring
Lair:6:   minmay_lair_end_frog_pond, layout_layer_cave, slime_altar_1,
          st_stairs_6, infiniplex_staircase_pool
Shoals:1: layout_shoals
Shoals:2: layout_shoals
Shoals:3: layout_shoals, nicolae_shoals_mertower, uniq_kirke, uniq_roxanne,
          uniq_ilsuiw
Shoals:4: shoals_end_simple, layout_shoals, shoals_ilsuiw_alternative,
          nicolae_shoals_hunting_party
Snake:1:  layout_gridlike, nicolae_snake_gridmaze_spiral, minmay_shop_mass,
          nicolae_snake_gridmaze_squiggle, serial_bayou_lagoon_a, drop_trap,
          guppyfry_library_mini
Snake:2:  layout_layer_cave, drop_trap, uniq_vashnia
Snake:3:  layout_grid_shapes, minmay_shop_star, serial_bayou_shore_b,
          grunt_megastairs_5, lemuel_fruit_tree
Snake:4:  snake_pit, layout_rooms, serial_shops,
          nicolae_shop_temple_entry_statues_fountains, basic_altar, uniq_aizul
Orc:1:    layout_caves, kennysheep_orc_sif_temple
Orc:2:    grunt_orc_cross, layout_diamond_mine, gammafunk_ghost_arena,
          uniq_saint_roka, uniq_urug
Elf:1:    layout_loops_cross, evilmike_minifort
Elf:2:    nicolae_elf_blades_splatter_lattice
          [nicolae_blade_entry_splitting_headache], layout_gridlike,
          infiniplex_enter_wizlab_water, minmay_misc_feat_alley, st_stairs_3
Elf:3:    minmay_elf_hall, layout_geoelf_octagon
Vaults:1: ontoclasm_vaults_shuriken, grunt_vaults_twisty, vaults_room_door_ring,
          vaults_room_mumra_shop_pool, nicolae_vaults_asterisk,
          nicolae_vaults_diagonal_hallway_6, nicolae_vaults_sealed_display,
          layout_vaults_omnigrid, serial_shops, shop_fountains,
          nicolae_shop_behind_doors
Vaults:2: v_misc_25, vaults_room_octagon, grunt_vaults_hallway_short,
          nicolae_vaults_network_star, vaults_room_fancy_cross,
          nicolae_vaults_network_barrier, blue_anna_dwarven_crypt,
          st_quartered_hall, v_misc_18, v_misc_10, ontoclasm_vaults_idyll,
          nicolae_vaults_three_branches, nicolae_vaults_mini_display_case,
          vaults_room_hallway, layout_vaults_ring, serial_shops,
          nicolae_diamond_shop
Vaults:3: hangedman_vaults_corner, v_misc_9, v_misc_30,
          vaults_standard_mumra_lines, nicolae_vaults_network_s,
          nicolae_vaults_little_squares_5, v_misc_22, v_misc_24,
          vaults_mumra_hex, nicolae_vaults_little_ls,
          grunt_vaults_hallway_short, layout_vaults_chaotic_city, serial_shops,
          bzr_entry_water
Vaults:4: ebering_vaults_ghost_inner_flame, ontoclasm_vaults_ligature,
          v_rooms_1, vaults_room_pools, ontoclasm_vaults_chip, v_misc_30,
          hangedman_vaults_maws, v_pattern_1, v_misc_2,
          nicolae_vaults_shelves_hall, nicolae_vaults_angled_halls,
          vaults_room_hallway, layout_vaults_maze_snakey, serial_shops, shop
Vaults:5: serial_shops
Depths:1: layout_long_grid, pf_hell_entry_tar_river, abyss_entry,
          minmay_misc_feat_nine_boxes, tgw_trog, minmay_shoptagon
Depths:2: evilmike_library_of_no_secrets, layout_basic, serial_shops, shop,
          grunt_hell_entry_demonic_statue, minmay_misc_feat_hallway,
          uniq_asterion
Depths:3: nooodl_heptagram, layout_basic, enter_ziggurat_c, hell_entry,
          minmay_misc_feat_cross, grunt_pan_entry_zigzag, uniq_boris
Depths:4: little_maze_vault, layout_twisted_cross, bh_walls_and_bars,
          serial_shops, nicolae_shop_stone,
          nicolae_abyss_entry_one_way_or_another, hell_entry,
          kennysheep_okawaru_gauntlet
Depths:5: evilmike_zot_entry_diamond, layout_small_grid, serial_bayou_shore_b,
          pf_coc_iceberg, rand_demon_pan_entry_9
Zot:1:    gammafunk_its_a_trap, layout_gridlike

Skill      XL: |  1  2  3  4  5  6  7  8  9 10 11 12 13 14 15 16 17 18 19 20 21 22 23 24 25 26 27 |
---------------+----------------------------------------------------------------------------------+-----
Polearms       | 1 2 3 4 5 6 8 9 10 11 13 14 | 14.0
Fighting       | 4 5 6 7 8 9 10 12 13 14 15 16 17 18 19 20 21 22 23 24 25 26 27 | 27.0
Armour         | 3 4 5 7 8 9 11 12 13 14 15 16 17 18 19 20 21 23 24 25 | 25.0
Invocations    | 5 7 10 11 13 14 15 | 15.0
Shields        | 4 7 9 11 13 14 15 16 17 18 20 21 22 | 22.1
Dodging        | 5 6 7 10 | 10.1
Evocations     | 5 8 10 | 10.0
Throwing       | 4 7 9 10 11 12 13 14 15 16 | 16.0
Bows           | |  1.7
Crossbows      | |  1.0
Stealth        | |  1.0

Action                   |  1- 3 |  4- 6 |  7- 9 | 10-12 | 13-15 | 16-18 | 19-21 | 22-24 | 25-27 || total
-------------------------+-------+-------+-------+-------+-------+-------+-------+-------+-------++-------
Melee: Spear             |    64 |   180 |   181 |   938 |  1443 |       |       |       |       ||  2806
       Trident           |       |       |    72 |       |       |       |  1195 |   632 |    82 ||  1981
       Demon trident     |       |       |       |       |   559 |  2277 |  1604 |  1877 |  1621 ||  7938
 Fire: Shortbow          |    74 |    38 |     5 |       |       |       |       |       |       ||   117
       Hand crossbow     |     6 |     6 |       |       |       |       |       |       |       ||    12
       Hunting sling     |       |       |       |   119 |    87 |    50 |    49 |     7 |       ||   312
Throw: Dart              |       |     3 |    15 |       |       |       |       |       |       ||    18
       Javelin           |       |       |       |     4 |     5 |     5 |    71 |    55 |    30 ||   170
Invok: Minor Destruction |       |       |       |     1 |       |       |       |       |       ||     1
       Greater Servant o |       |       |       |     2 |     1 |     5 |       |       |       ||     8
       Major Destruction |       |       |       |       |     1 |     2 |       |       |       ||     3
Evoke: Wand              |       |       |     9 |    13 |    13 |    10 |    10 |     7 |     9 ||    71
       Lightning rod     |       |       |       |       |     1 |       |     2 |       |       ||     3
       Condenser vane    |       |       |       |       |       |       |     2 |     2 |     7 ||    11
       Tin of tremorston |       |       |       |       |       |       |       |       |     1 ||     1
  Use: Potion            |       |     2 |       |     2 |       |    12 |     3 |     8 |    10 ||    37
       Scroll            |       |       |     5 |    10 |     9 |    11 |     6 |    16 |    10 ||    67
 Stab: Distracted        |       |       |       |     1 |       |       |       |       |       ||     1
       Invisible         |       |       |       |       |       |       |       |     1 |       ||     1
Armor: Leather armour    |    11 |       |       |       |       |       |       |       |       ||    11
       Robe              |     3 |       |       |       |       |       |       |       |       ||     3
       Chain mail        |    14 |   102 |    17 |       |       |       |       |       |       ||   133
       Plate armour      |       |       |   111 |   118 |   193 |   805 |   619 |   737 |   674 ||  3257
       Pearl dragon scal |       |       |       |   195 |   390 |       |       |       |       ||   585
Dodge: Dodged            |    33 |    49 |    46 |   211 |   349 |   546 |   592 |   400 |   282 ||  2508
       Repelled          |       |       |       |       |    24 |    87 |     2 |       |       ||   113
Block: Buckler           |       |       |       |    57 |   244 |       |       |       |       ||   301
       Kite shield       |       |       |       |       |       |   963 |  1071 |       |       ||  2034
       Reflection        |       |       |       |       |       |       |    97 |    93 |    29 ||   219
       Tower shield      |       |       |       |       |       |       |   745 |  2218 |  1539 ||  4502

Table legend: (Time is in decaauts)
 A = Elapsed time spent in this place.
 B = Non-inter-level travel time spent in this place.
 C = Inter-level travel time spent in this place.
 D = Time resting spent in this place.
 E = Time spent auto-exploring this place.
 F = Levels seen in this place.
 G = Mean time per level.
                   A        B        C        D        E       F      G
               +--------+--------+--------+--------+--------+-----+--------+
         Total |  71421 |  67100 |   4321 |  15402 |  32504 |  52 | 1373.5 |
       Dungeon |  18573 |  16620 |   1953 |   3117 |  10503 |  15 | 1238.2 |
          Lair |   6712 |   6280 |    432 |    521 |   4307 |   6 | 1118.7 |
        Shoals |   8283 |   8107 |    176 |   3929 |   2074 |   4 | 2070.8 |
     Snake Pit |   9199 |   9031 |    168 |   3650 |   2823 |   4 | 2299.8 |
  Orcish Mines |   2374 |   2262 |    112 |    384 |   1120 |   2 | 1187.0 |
   Elven Halls |   3696 |   3491 |    205 |    390 |   1840 |   3 | 1232.0 |
        Vaults |   9482 |   8933 |    549 |   1147 |   4592 |   5 | 1896.4 |
        Depths |   7861 |   7224 |    637 |   1070 |   3684 |   5 | 1572.2 |
           Zot |   1608 |   1523 |     85 |    368 |    718 |   1 | 1608.0 |
         Abyss |    797 |    797 |      0 |      4 |     39 |   3 |  265.7 |
        Bazaar |     78 |     78 |      0 |      0 |     34 |   1 |   78.0 |
        Bailey |    760 |    760 |      0 |    139 |    321 |   1 |  760.0 |
      Ice Cave |   1481 |   1481 |      0 |    680 |    316 |   1 | 1481.0 |
        Wizlab |    512 |    512 |      0 |      0 |    128 |   1 |  512.0 |
               +--------+--------+--------+--------+--------+-----+--------+

Top non-repeatable levels by time:
Shoals:3: 3884 daAuts
 Snake:3: 3426 daAuts
Vaults:3: 2320 daAuts
 Snake:2: 2301 daAuts
 Snake:4: 2133 daAuts
Depths:1: 2029 daAuts
Shoals:4: 1952 daAuts
Depths:4: 1835 daAuts
Vaults:1: 1821 daAuts
Vaults:2: 1788 daAuts
Vaults:4: 1780 daAuts
     D:4: 1776 daAuts
Vaults:5: 1771 daAuts
   Zot:1: 1608 daAuts
   Elf:2: 1548 daAuts
